 Dungeon Crawl Stone Soup version 0.29-a0-648-g6b26cc9f40 (webtiles) character file.

Game seed: 7328075662382321670

0 HoaS the Shooter (level 1, -13/12 HPs)
             Began as a Tengu Hunter on June 20, 2022.
             Killed by an exploding rat (16 damage)
             ... ignited by their inner flame
             ... on level 2 of the Dungeon.
             The game lasted 00:00:39 (76 turns).

HoaS the Shooter (Tengu Hunter)                       Turns: 76, Time: 00:00:40

Health: -13/12     AC:  3    Str: 11    XL:     1   Next: 10%
Magic:  2/2        EV: 12    Int:  9    God:
Gold:   25         SH:  0    Dex: 17    Spells: 0/0 levels left

rFire   . . .      SeeInvis .   a - +1 shortbow
rCold   . . .      Faith    .   (shield currently unavailable)
rNeg    . . .      Spirit   .   b - +0 leather armour
rPois   .          Reflect  .   (helmet restricted)
rElec   .          Harm     .   (no cloak)
rCorr   .          Rampage  .   (no gloves)
Will    .....                   (boots unavailable)
Stlth   ++........              (no amulet)
HPRegen 0.04/turn               (no ring)
MPRegen 0.08/turn               (no ring)

@: no status effects
A: beak, talons 3
a: no special abilities


You were on level 2 of the Dungeon.
You visited 1 branch of the dungeon, and saw 2 of its levels.

You collected 25 gold pieces.

Inventory:

Hand Weapons
 a - a +1 shortbow (weapon)
Armour
 b - a +0 leather armour (worn)


   Skills:
 - Level 2.0 Fighting
 + Level 4.4 Bows
 - Level 2.1 Dodging
 - Level 1.0 Stealth


You couldn't memorise any spells.
You didn't know any spells.
Your spell library was empty.

Dungeon Overview and Level Annotations

Branches:
Dungeon (1/15)

Altars:
Vehumet

Annotations:
D:2 Natasha


Innate Abilities, Weirdness & Mutations

You have a beak for a mouth.
You have claws for feet.


Message History

An endoplasm comes into view.
The hobgoblin barely misses you. The rat bites you.
You shoot an arrow. The arrow hits the kobold.
The kobold is heavily wounded.
Natasha, Servant of Life and Death comes into view.
The hobgoblin barely misses you. The rat barely misses you.
The kobold barely misses you.
Natasha stares at you and mumbles some strange words.
The magic dart hits you!
Ouch! That really hurt!
You are too injured to fight recklessly!
You are too injured to fight recklessly!
Really read the scroll of immolation?
As you read the scroll of immolation, it crumbles to dust.
The creatures around you are filled with an inner flame!
The hobgoblin hits you.
* * * LOW HITPOINT WARNING * * *
The rat bites you but does no damage.
The endoplasm hits you but does no damage.
The kobold hits you but does no damage.
Really attack while wielding your +1 shortbow? [Y]es or [N]o only, please.
Really attack while wielding your +1 shortbow? [Y]es or [N]o only, please.
Really attack while wielding your +1 shortbow? [Y]es or [N]o only, please.
Really attack while wielding your +1 shortbow?
Okay, then.
You are too injured to fight recklessly!
You are too injured to fight recklessly!
Shoot: a) +1 shortbow
Press: ? - help, Q - select action Shift-Dir - straight line, f - rat, p - kobold
Aim: a rat (inner flame, 64% to hit)
You shoot an arrow. The arrow hits the rat.
The rat explodes!
The fiery explosion engulfs the kobold!!
The fiery explosion engulfs the endoplasm!!
The fiery explosion engulfs you!
Ouch! That really hurt!
You die...

### # #.h.
.###. ##....
.....####......
...............
...............
.......g.......
......§@§......
.#####§§§......
#§§######. ....
..... .......
........
...........
.....#. ##


You could see Natasha (inner flame) and a hobgoblin (inner flame).

Vanquished Creatures
  An endoplasm (D:2)
  A kobold (D:2)
  2 rats
4 creatures vanquished.

Notes
Turn   | Place    | Note
-------+----------+-------------------------------------------
     0 | D:1      | HoaS the Tengu Hunter began the quest for the Orb.
     0 | D:1      | Reached XP level 1. HP: 12/12 MP: 2/2
    67 | D:1      | You fall into a shaft and drop 1 floor!
    67 | D:2      | Found a radiant altar of Vehumet.
    74 | D:2      | Noticed Natasha
    76 | D:2      | Killed by an exploding rat... ignited by their inner flame

Illustrated notes

Levels and vault maps discovered:
D:1:      ebering_trefoil_twist, layout_loops_ring
D:2:      layout_rooms, basic_altar, ebering_ecumenical_altar_abandoned,
          minmay_cut_off, uniq_natasha, uniq_terence, uniq_robin

Action                   || total
-------------------------++-------
 Fire: Shortbow          ||     6
  Use: Scroll            ||     1
Armor: Leather armour    ||     4
Dodge: Dodged            ||     5

Table legend: (Time is in decaauts)
 A = Elapsed time spent in this place.
 B = Non-inter-level travel time spent in this place.
 C = Inter-level travel time spent in this place.
 D = Time resting spent in this place.
 E = Time spent auto-exploring this place.
 F = Levels seen in this place.
 G = Mean time per level.
                   A        B        C        D        E       F      G
               +--------+--------+--------+--------+--------+-----+--------+
         Total |     77 |     77 |      0 |      0 |     65 |   2 |   38.5 |
       Dungeon |     77 |     77 |      0 |      0 |     65 |   2 |   38.5 |
               +--------+--------+--------+--------+--------+-----+--------+

Top non-repeatable levels by time:
     D:1: 67 daAuts
     D:2: 10 daAuts
